 Dungeon Crawl Stone Soup version 0.30.1-9-gdf580d7c3d (webtiles) character file.

Game seed: 8195400203723127622

574 jagang the Slasher (level 7, -1/54 HPs)
             Began as a Human Hunter on Sept 29, 2023.
             Slain by an iguana (9 damage)
             ... on level 4 of the Dungeon.
             The game lasted 00:08:24 (3355 turns).

jagang the Slasher (Human Hunter)                   Turns: 3355, Time: 00:08:25

Health: -1/54      AC:  3    Str: 11    XL:     7   Next: 61%
Magic:  7/7        EV: 13    Int:  9    God:
Gold:   6          SH:  0    Dex: 19    Spells: 6/6 levels left

rFire   . . .        o - +0 short sword
rCold   . . .        (no shield)
rNeg    . . .        c - +0 leather armour
rPois   .            (no helmet)
rElec   .            (no cloak)
rCorr   .            (no gloves)
SInv    .            (no boots)
Will    .....        (no amulet)
Stlth   ++           (no ring)
HPRegen 0.29/turn    (no ring)
MPRegen 0.10/turn

%: no passive effects
@: no status effects
A: no striking features
a: no special abilities


You were on level 4 of the Dungeon.
You visited 1 branch of the dungeon, and saw 4 of its levels.
You also visited: Sewer.

You collected 45 gold pieces.
You spent 39 gold pieces at shops.

Inventory:

Hand Weapons
 a - a +0 shortbow
 o - a +0 short sword (weapon)
Missiles
 j - 3 javelins
 m - 12 poisoned darts
Armour
 c - a +0 leather armour (worn)
Scrolls
 b - a scroll of immolation
 l - 2 scrolls of silence
 n - 3 scrolls of vulnerability
 s - a scroll of fear {unknown}
 v - a scroll of noise {unknown}
 w - a scroll of amnesia {unknown}
 y - a scroll of magic mapping {unknown}
Potions
 d - a potion of brilliance {unknown}
 e - 3 potions of berserk rage
 f - a potion of might {unknown}
 g - a potion of degeneration {unknown}
 h - 2 potions of resistance {unknown}
 i - a potion of cancellation {unknown}
 k - 2 potions of mutation {unknown}
 p - 4 potions of flight
 q - 5 potions of heal wounds
 r - a potion of invisibility {unknown}
 t - a potion of lignification {unknown}
 u - a potion of magic {unknown}
 x - a potion of curing


   Skills:
 + Level 4.3 Fighting
 * Level 5.4 Long Blades
 - Level 4.0 Ranged Weapons
 + Level 0.6 Armour
 + Level 3.7 Dodging
 - Level 1.0 Stealth


You had 6 spell levels left.
You didn't know any spells.
Your spell library was empty.

Dungeon Overview and Level Annotations

Branches:
Dungeon (4/15)              Sewer (visited)
 Temple: D:4-7

Altars:

Shops:
D:4 !


Message History

The iguana is moderately wounded.
The iguana barely misses you.
You hit the iguana but do no damage.
The iguana is moderately wounded.
You hit the iguana but do no damage.
The iguana is moderately wounded.
The iguana bites you but does no damage.
You barely miss the iguana.
The iguana is moderately wounded.
The iguana closely misses you.
You hit the iguana.
The iguana is severely wounded.
The iguana misses you.
You closely miss the iguana. You punch the iguana, but do no damage.
The iguana is severely wounded.
The iguana bites you!
You barely miss the iguana.
The iguana is severely wounded.
The iguana bites you!
* * * LOW HITPOINT WARNING * * *
You hit the iguana but do no damage.
The iguana is severely wounded.
You barely miss the iguana.
The iguana is severely wounded.
The iguana misses you.
You barely miss the iguana.
The iguana is severely wounded.
The iguana misses you.
You hit the iguana but do no damage.
The iguana is severely wounded.
The iguana bites you!
* * * LOW HITPOINT WARNING * * *
You hit the iguana but do no damage.
The iguana is severely wounded.
The iguana closely misses you.
An iguana comes into view.
You barely miss the iguana.
The iguana is severely wounded.
The iguana bites you!
You die...

...## ##. ....##...
# ......# ##. #...#
#... #..## .)..##
###...##
.....####......###
#.)........).@.#
###.....##.).)l....#
##..###..##......#
#..####..###..)..#
...###..###...#
......#
#........##..##
#......
.............##
......
####.#####....#
....l. ##.#
##...###.).


You could see 2 iguanas.

Vanquished Creatures
  An ogre (D:4)
  2 phantoms
  A kobold brigand (Sewer)
  2 orc priests
  3 orc wizards
  3 river rats
  3 adders
  3 worms
  A dart slug (D:1)
  9 orcs
  4 bats
  6 endoplasms
  4 giant cockroaches (D:3)
  3 goblins
  5 hobgoblins
  5 jackals
  3 quokkas
  2 ball pythons (D:1)
  5 frilled lizards
  11 kobolds
  13 rats
89 creatures vanquished.

Notes
Turn   | Place    | Note
-------+----------+-------------------------------------------
     0 | D:1      | jagang the Human Hunter began the quest for the Orb.
     0 | D:1      | Reached XP level 1. HP: 16/16 MP: 1/1
   201 | D:1      | Reached skill level 1 in Long Blades
   205 | D:1      | Reached XP level 2. HP: 22/22 MP: 2/2
   693 | D:2      | Reached XP level 3. HP: 28/28 MP: 3/3
   726 | D:2      | Reached skill level 2 in Long Blades
   773 | D:2      | Found a faded altar of an unknown god.
  1139 | D:2      | Reached XP level 4. HP: 34/34 MP: 4/4
  1587 | D:3      | Reached skill level 3 in Long Blades
  1592 | D:3      | Found a glowing drain.
  1610 | Sewer    | Entered a sewer
  1629 | Sewer    | Reached XP level 5. HP: 3/41 MP: 5/5
  1828 | Sewer    | Noticed a kobold brigand
  1836 | Sewer    | Killed a kobold brigand
  1856 | Sewer    | Found a white marble altar of Elyvilon.
  2026 | D:3      | Noticed a phantom
  2037 | D:3      | Killed a phantom
  2038 | D:3      | Reached skill level 4 in Long Blades
  2038 | D:3      | Reached XP level 6. HP: 32/47 MP: 6/6
  2986 | D:4      | Found Jomeog's Distillery.
  3011 | D:4      | Reached XP level 7. HP: 16/54 MP: 7/7
  3148 | D:4      | Bought a potion of curing for 39 gold pieces
  3162 | D:4      | Reached skill level 5 in Long Blades
  3355 | D:4      | Slain by an iguana

Illustrated notes

Levels and vault maps discovered:
D:1:      lightli_arrival_lavapool, layout_loops_ring
D:2:      layout_basic, shapermc_ecumenical_altar_mp_highgroup
D:3:      layout_basic, portal_sewer_entry_e
D:4:      layout_layer_cave, mainiacjoe_overflow_cross_hatched, temple_pool_b,
          serial_shops, shop

Skill      XL: |  1  2  3  4  5  6  7 |
---------------+----------------------+-----
Long Blades    | 1 2 3 4 5 |  5.4
Fighting       | 3 4 |  4.3
Dodging        | 3 |  3.7
Ranged Weapons | |  4.0
Armour         | |  0.6
Stealth        | |  1.0

Action                     |  1- 3 |  4- 6 |  7- 9 || total
---------------------------+-------+-------+-------++-------
  Melee: Short sword       |       |    14 |    22 ||    36
         Punch             |       |       |     1 ||     1
   Fire: Shortbow          |    72 |   172 |    32 ||   276
    Use: Scroll            |       |     3 |       ||     3
 Armour: Leather armour    |     9 |    28 |     3 ||    40
  Dodge: Dodged            |    19 |   101 |    16 ||   136
